 Dungeon Crawl Stone Soup version 0.29.1-15-g9cfb28693d (webtiles) character file.

Game seed: 16960422914291204994

59 Silvore the Trooper (level 3, -3/29 HPs)
             Began as a Demonspawn Monk on Apr 30, 2023.
             Slain by an adder (4 damage)
             ... on level 3 of the Dungeon.
             The game lasted 00:03:05 (3079 turns).

Silvore the Trooper (Demonspawn Monk)               Turns: 3079, Time: 00:03:05

Health: -3/29      AC:  2    Str: 11    XL:     3   Next: 78%
Magic:  3/3        EV: 13    Int: 11    God:
Gold:   139        SH:  0    Dex: 17    Spells: 2/2 levels left

rFire   . . .      SeeInvis .   a - +0 hand axe
rCold   . . .      Faith    .   (no shield)
rNeg    . . .      Spirit   .   b - +0 robe
rPois   .          Reflect  .   (helmet restricted)
rElec   .          Harm     .   (no cloak)
rCorr   .          Rampage  .   (no gloves)
Will    .....                   (no boots)
Stlth   ++........              (no amulet)
HPRegen 0.09/turn               (no ring)
MPRegen 0.08/turn               (no ring)

@: lethally poisoned (-3 -> -13)
A: antennae 1
a: no special abilities


You were on level 3 of the Dungeon.
You visited 1 branch of the dungeon, and saw 3 of its levels.

You collected 139 gold pieces.

Inventory:

Hand Weapons
 a - a +0 hand axe (weapon)
Armour
 b - a +0 robe (worn)
Scrolls
 d - a scroll of fear
Potions
 c - a potion of ambrosia
 e - 2 potions of might
 h - a potion of brilliance {unknown}


   Skills:
 + Level 3.4 Fighting
 + Level 3.4 Axes
 + Level 3.2 Dodging
 + Level 2.0 Stealth


You had 2 spell levels left.
You didn't know any spells.
Your spell library contained the following spells:

 Spells                   Type           Power      Damage    Failure   Level
 Necrotise                Necr           0%         1d4       34%         1
 Scorch                   Fire           0%         2d5       47%         2
 Sublimation of Blood     Necr           0%         N/A       47%         2
 Vampiric Draining        Necr           0%         2d6       71%         3
 Anguish                  Hex/Necr       0%         N/A       98%         4
 Flame Wave               Conj/Fire      0%         2d4       98%         4
 Summon Cactus Giant      Summ           0%         N/A       100%        6


Dungeon Overview and Level Annotations

Branches:
Dungeon (3/15)

Altars:
Kikubaaqudgha

Shops:
D:2 [


Innate Abilities, Weirdness & Mutations

You have a pair of small antennae on your head.


Message History

Found a scroll of teleportation.
You miss the adder. The adder bites you but does no damage.
You closely miss the adder. The adder barely misses you. The adder bites you.
You hit the adder.
The adder is heavily wounded.
The adder bites you.
You are poisoned.
The adder poisons you! The adder bites you but does no damage.
You miss the adder.
The adder is heavily wounded.
You feel sick. The adder barely misses you.
You miss the adder.
The adder is heavily wounded.
You feel sick. The adder bites you.
You are more poisoned.
The adder poisons you! The adder bites you.
You are more poisoned.
The adder poisons you!
You barely miss the adder.
The adder is heavily wounded.
You feel sick. The adder bites you.
You hit the adder but do no damage.
The adder is heavily wounded.
You feel sick. The adder misses you. The adder bites you.
You are lethally poisoned!
The adder poisons you!
You closely miss the adder.
The adder is heavily wounded.
* * * LOW HITPOINT WARNING * * *
You feel very sick. The adder bites you.
* * * LOW HITPOINT WARNING * * *
You are more poisoned.
The adder poisons you!
You hit the adder.
The adder is heavily wounded.
* * * LOW HITPOINT WARNING * * *
You feel very sick. The adder bites you.
You die...

######............ .
#...........# .#
#...........# ?.
#...........# #.
##.#......#.# #.
#.########.#### #.
#.##...........
######.###.##.#####.###.
......S@.#.##.# #.# #.
.....>.#......# #.# #.
.......#####.## #.# #.
....... #.######.###.
....... #..##.....###
....... ##........#
....... ####.....###
######. ♣♣..♣....
♣~P♣♣...


You could see an adder.

Vanquished Creatures
  An adder (D:2)
  2 worms (D:2)
  3 ball pythons
  5 endoplasms
  2 goblins (D:1)
  4 hobgoblins
  2 quokkas (D:1)
  9 bats
  A frilled lizard (D:2)
  6 kobolds
  4 rats
39 creatures vanquished.

Notes
Turn   | Place    | Note
-------+----------+-------------------------------------------
     0 | D:1      | Silvore the Demonspawn Monk began the quest for the Orb.
     0 | D:1      | Reached XP level 1. HP: 18/18 MP: 1/1
   430 | D:1      | Found a faded altar of an unknown god.
   546 | D:1      | Gained mutation: You have a pair of small antennae on your
                  | head. [demonic ancestry]
   546 | D:1      | Reached XP level 2. HP: 24/24 MP: 2/2
   586 | D:1      | Prayed at the altar of an unknown god.
   586 | D:1      | Became a worshipper of Kikubaaqudgha
   586 | D:1      | Reached * piety under Kikubaaqudgha
   586 | D:1      | Received a gift from Kikubaaqudgha
   586 | D:1      | Reached ** piety under Kikubaaqudgha
   587 | D:1      | Fell from the grace of Kikubaaqudgha
  1546 | D:2      | Found Okkeonix's Antique Armour Shop.
  1719 | D:2      | HP: 1/24 [frilled lizard (1)]
  1721 | D:2      | Reached XP level 3. HP: 2/29 MP: 3/3
  3079 | D:3      | HP: 1/29 [poisoned by an adder]
  3079 | D:3      | Slain by an adder

Illustrated notes

Levels and vault maps discovered:
D:1:      minmay_arrival_diagonal_passages, layout_basic,
          ebering_ecumenical_altar_sacrificial
D:2:      layout_loops_ring, serial_shops, nicolae_diamond_shop,
          minmay_pentomino_t2
D:3:      layout_basic, serial_bayou_crossing

Skill      XL: |  1  2  3 |
---------------+----------+-----
Dodging        | 3 |  3.2
Axes           | 3 |  3.4
Stealth        | 2 |  2.0
Fighting       | |  3.4

Action                   || total
-------------------------++-------
Melee: Hand axe          ||   137
       Punch             ||     2
Invok: Renounce Religion ||     1
  Use: Scroll            ||     5
 Stab: Sleeping          ||     3
       Distracted        ||     1
Armor: Robe              ||    36
Dodge: Dodged            ||   114
